 Dungeon Crawl Stone Soup version 0.32-a0-909-gc671339a80 (webtiles) character file.

Game seed: 16430864838417723374

2515 Heh the Cleaver (level 9, -5/72 HPs)
             Began as a Coglin Gladiator on Apr 6, 2024.
             Was a Follower of Beogh.
             Succumbed to a killer bee's poison
             ... on level 7 of the Dungeon on Apr 7, 2024.
             The game lasted 00:13:48 (6173 turns).

Heh the Cleaver (Coglin Gladiator)                  Turns: 6173, Time: 00:13:49

Health: -5/72      AC:  8    Str: 18    XL:     9   Next: 54%
Magic:  9/9        EV: 12    Int:  8    God:    Beogh [*.....]
Gold:   299        SH:  0    Dex: 16    Spells: 8/8 levels left

rFire   . . .        a - +0 war axe {Agam}
rCold   + . .        p - +0 war axe {Urai}
rNeg    . . .        q - +2 robe {rC+}
rPois   .            c - +0 helmet
rElec   .            (no cloak)
rCorr   .            (no gloves)
SInv    .            s - +2 pair of boots
Will    .....        (amulet unavailable)
Stlth   +            (ring unavailable)
HPRegen 0.32/turn    (ring unavailable)
MPRegen 0.11/turn    (no gizmo)

%: no passive effects
@: lethally poisoned (-5 -> -54), weak-willed, studying Throwing, revved
A: off-hand wielding, slow wielding, warmup strikes, no jewellery
a: Invent Gizmo, Renounce Religion


You were on level 7 of the Dungeon.
You worshipped Beogh.
Beogh was aware of your devotion.
You visited 1 branch of the dungeon, and saw 7 of its levels.

You collected 299 gold pieces.

Inventory:

Hand Weapons
 a - a +0 war axe (weapon) {Agam}
 d - the +1 mace of Okuah {flame, Str+2}
   (You found it on level 3 of the Dungeon)

   Str+2:     It affects your strength (+2).
 e - a +4 trident of draining
 f - a +1 vampiric falchion
 n - a +0 short sword of venom {Astrid}
 p - a +0 war axe (offhand) {Urai}
 y - a +0 long sword
Missiles
 t - 2 throwing nets (quivered)
 C - a javelin
Armour
 b - a +0 leather armour
 c - a +0 helmet (worn)
 k - an orb of energy
 o - a +0 ring mail
 q - a +2 robe of cold resistance (worn)
 s - a +2 pair of boots (worn)
 B - a +2 robe
Wands
 w - a wand of roots (6)
Scrolls
 g - a scroll of amnesia
 i - 3 scrolls of poison
 j - 2 scrolls of revelation
 l - a scroll of summoning
 m - 2 scrolls of immolation
 v - 2 scrolls of enchant weapon
 z - a scroll of teleportation {unknown}
 A - a scroll of fear {unknown}
 D - a scroll of blinking {unknown}
Potions
 h - a potion of might
 r - a potion of lignification
 u - a potion of degeneration {unknown}


   Skills:
 - Level 7.0 Fighting
 * Level 11.1 Axes
 - Level 1.7 Throwing
 - Level 2.6 Dodging


You had 8 spell levels left.
You didn't know any spells.
Your spell library contained the following spells:

 Spells                   Type           Power      Damage    Failure   Level
 Magic Dart               Conj           0%         1d3       41%         1
 Blink                    Tloc           0%         N/A       54%         2
 Call Imp                 Summ           0%         N/A       54%         2
 Lesser Beckoning         Tloc           0%         N/A       54%         2
 Momentum Strike          Conj/Tloc      0%         3d8       54%         2
 Maxwell's Portable Pile  Tloc           0%         2d(5-13)  78%         3
 Teleport Other           Tloc           0%         N/A       78%         3


Dungeon Overview and Level Annotations

Branches:
Dungeon (7/15)             Temple (0/1) D:5

Altars:
Ashenzari
Dithmenos
Elyvilon
Makhleb
Nemelex Xobeh
Sif Muna
Wu Jian

Shops:
D:3 ?*(:[   D:6 ?((


Innate Abilities, Weirdness & Mutations

You can wield a second weapon in your off-hand.
It takes a long time for you to wield or remove held weapons.
Your first few attacks do less damage.
You cannot equip rings or amulets.


Message History

You are too injured to fight recklessly!
Unknown command.
You are too injured to fight recklessly!
Unknown command.
You are too injured to fight recklessly!
Unknown command.
You are too injured to fight recklessly!
You miss the killer bee with your +0 war axe.
The killer bee is heavily wounded.
You miss the killer bee with your +0 war axe.
You closely miss the killer bee with your +0 war axe.
You barely miss the killer bee with your +0 war axe.
You closely miss the killer bee with your +0 war axe.
You miss the killer bee with your +0 war axe.
You barely miss the killer bee with your +0 war axe.
You miss the killer bee with your +0 war axe.
* * * LOW HITPOINT WARNING * * *
You feel very sick. The killer bee stings you.
* * * LOW HITPOINT WARNING * * *
You are more poisoned.
The killer bee poisons you! The killer bee stings you.
* * * LOW HITPOINT WARNING * * *
You are more poisoned.
The killer bee poisons you! The killer bee barely misses you.
The killer bee stings you.
* * * LOW HITPOINT WARNING * * *
You are more poisoned.
The killer bee poisons you! The killer bee misses you.
The killer bee stings you but does no damage.
The killer bee barely misses you. The killer bee stings you.
* * * LOW HITPOINT WARNING * * *
Okay, then.
Okay, then.
Okay, then.
Unknown command.
As you read the scroll labelled ZEICLO VEER, it crumbles to dust.
A wave of despondency washes over your surroundings.
It was a scroll of vulnerability.
You die...

###..# ... .#..#
#.#.... #....#
....##..##.....#....#
...............#....#
......##............#
._...####......#....#
......##.......#....##
...............yyy..>#
)...##.........y@#
.#..###.......##.#
###.)##..........#
#..............#
#........##.....#
..........##.....#
.#........##.....#
##.#####.........# ##
#####.....#


You could see 4 killer bees.

Vanquished Creatures
  Jeremiah (D:6)
  A troll (D:6)
  A yak (D:6)
  2 black bears
  2 ice beasts
  An ogre (D:3)
  3 sky beasts
  A centaur (D:7)
  2 kobold brigands (D:6)
  A scorpion (D:3)
  2 killer bees (D:7)
  A howler monkey (D:6)
  A bombardier beetle (D:5)
  5 hounds
  2 jellies
  3 orc priests
  A sleepcap (D:6)
  Ijyb (D:5)
  An iguana (D:6)
  2 orc wizards
  7 adders
  7 gnolls
  2 ufetubi (D:6)
  2 ribbon worms
  3 dart slugs
  16 orcs
  3 bats
  8 endoplasms
  3 giant cockroaches
  4 goblins
  10 hobgoblins
  4 jackals (D:1)
  3 quokkas
  9 ball pythons
  5 frilled lizards
  18 kobolds
  6 rats
144 creatures vanquished.

Notes
Turn   | Place    | Note
-------+----------+-------------------------------------------
     0 | D:1      | Heh the Coglin Gladiator began the quest for the Orb.
     0 | D:1      | Reached XP level 1. HP: 16/16 MP: 1/1
   122 | D:1      | Reached XP level 2. HP: 16/22 MP: 2/2
   350 | D:1      | Reached skill level 4 in Axes
   401 | D:1      | Reached XP level 3. HP: 23/27 MP: 3/3
  1439 | D:2      | Found the amulet of Elemental Vulnerability {rPois rF--
                  | rC-- AC+8}
  1607 | D:2      | Reached XP level 4. HP: 33/33 MP: 4/4
  1765 | D:3      | Identified the +1 mace of Okuah {flame, Str+2}
  1822 | D:3      | Found Qonith's Weapon Shop.
  1866 | D:3      | Reached skill level 5 in Axes
  1942 | D:3      | Found a white marble altar of Elyvilon.
  1958 | D:3      | Noticed a scorpion
  1967 | D:3      | Killed a scorpion
  1968 | D:3      | Reached XP level 5. HP: 16/41 MP: 5/5
  2293 | D:3      | Found Qafio's Armour Emporium.
  2332 | D:3      | Found Xankatuel's Book Emporium.
  2385 | D:3      | Found Bokkozo's Magic Scroll Shop.
  2468 | D:3      | Found Wubruyj's General Store.
  2591 | D:4      | Noticed an ogre
  2625 | D:3      | Killed an ogre
  2626 | D:3      | Reached XP level 6. HP: 27/50 MP: 6/6
  2802 | D:4      | Reached skill level 5 in Fighting
  2883 | D:4      | Noticed a black bear
  2901 | D:4      | Found a burning altar of Makhleb.
  2901 | D:4      | Noticed a cacodemon
  3024 | D:4      | Killed a black bear
  3122 | D:4      | Reached XP level 7. HP: 55/58 MP: 7/7
  3309 | D:4      | Found a broken altar of Ashenzari.
  3664 | D:5      | Entered Level 5 of the Dungeon
  3677 | D:5      | Found an ornate altar of the Wu Jian Council.
  3937 | D:5      | Reached skill level 6 in Axes
  4165 | D:5      | Reached XP level 8. HP: 63/65 MP: 8/8
  4181 | D:5      | Became a worshipper of Beogh the Shepherd
  4508 | D:5      | Found a staircase to the Ecumenical Temple.
  4586 | D:5      | Noticed Ijyb
  4603 | D:5      | Killed Ijyb
  4604 | D:5      | Reached skill level 7 in Axes
  4635 | D:5      | Found a shimmering blue altar of Sif Muna.
  4829 | D:6      | Reached * piety under Beogh
  5022 | D:6      | Found Baoribb's Antique Weapon Emporium.
  5023 | D:6      | Found Exa Ydgh's Magic Scroll Emporium.
  5023 | D:6      | Found Nesch's Weapon Emporium.
  5034 | D:6      | Reached skill level 8 in Axes
  5077 | D:6      | Noticed Jeremiah
  5123 | D:6      | Killed Jeremiah
  5124 | D:6      | Reached skill level 9 in Axes
  5124 | D:6      | Reached XP level 9. HP: 44/72 MP: 9/9
  5513 | D:6      | Reached skill level 10 in Axes
  5552 | D:6      | Found a sparkling altar of Nemelex Xobeh.
  5552 | D:6      | Found a transporter.
  5552 | D:6      | Noticed a troll
  5565 | D:6      | Killed a troll
  6114 | D:7      | Found a shadowy altar of Dithmenos.
  6134 | D:7      | Reached skill level 11 in Axes
  6173 | D:7      | Succumbed to a killer bee's poison

Illustrated notes

Levels and vault maps discovered:
D:1:      kennysheep_arrival_forest, layout_basic, roderic_lattice_a,
          st_stairs_11
D:2:      layout_basic
D:3:      layout_basic, elyvilon_altar_5, serial_shops, shop,
          nicolae_shop_window_shopping, nicolae_shop_tiny_real_fake_doors,
          nicolae_shop_real_fake_doors, nicolae_shop_tiny_waterfront,
          minmay_bisected
D:4:      layout_loops_ring, makhleb_altar_promises_db, ashenzari_altar_1
D:5:      layout_loops_ring, mainiacjoe_overflow_alcove_1, tgw_sif,
          minmay_temple_entry_trees, uniq_ijyb
D:6:      layout_gridville, grunt_nemelex_the_gamble,
          nicolae_shop_distant_corner_stores, uniq_jeremiah
D:7:      minmay_the_grid_square_5x5_3x3
          [minmay_the_grid_square_5x5_pentomino_r,
          minmay_the_grid_square_5x5_sharp_hourglass,
          minmay_the_grid_square_5x5_longway, minmay_the_grid_square_5x5_six,
          minmay_the_grid_square_5x5_megaprize_diamond,
          minmay_the_grid_square_5x5_inset,
          minmay_the_grid_square_5x5_tetrominoes,
          minmay_the_grid_square_5x5_broken_cross,
          minmay_the_grid_square_5x5_fat_x], layout_basic,
          kennysheep_vampire_church, nicolae_dithmenos_shadow_blocks,
          the_hattery

Skill      XL: |  1  2  3  4  5  6  7  8  9 |
---------------+----------------------------+-----
Axes           | 4 5 6 9 11 | 11.1
Fighting       | 3 4 6 7 |  7.0
Throwing       | |  1.7
Dodging        | |  2.6

Action                     |  1- 3 |  4- 6 |  7- 9 || total
---------------------------+-------+-------+-------++-------
  Melee: Dagger            |    61 |       |       ||    61
         War axe           |    70 |   121 |   320 ||   511
         Short sword       |     8 |     7 |       ||    15
  Throw: Javelin           |       |       |     1 ||     1
 Invoke: Convert to Beogh  |       |       |     1 ||     1
  Evoke: Wand              |       |       |     2 ||     2
    Use: Scroll            |       |     5 |     3 ||     8
         Potion            |       |       |     3 ||     3
   Stab: Sleeping          |     1 |     2 |     1 ||     4
 Armour: Leather armour    |    46 |       |       ||    46
         Robe              |     3 |    61 |   143 ||   207
         Skin              |       |       |     6 ||     6
  Dodge: Dodged            |    55 |    57 |   105 ||   217

Table legend: (Time is in decaauts)
 A = Elapsed time spent in this place.
 B = Non-inter-level travel time spent in this place.
 C = Inter-level travel time spent in this place.
 D = Time resting spent in this place.
 E = Time spent auto-exploring this place.
 F = Levels seen in this place.
 G = Mean time per level.
                   A        B        C        D        E       F      G
               +--------+--------+--------+--------+--------+-----+--------+
         Total |   6233 |   5575 |    658 |    437 |   4119 |   7 |  890.4 |
       Dungeon |   6233 |   5575 |    658 |    437 |   4119 |   7 |  890.4 |
               +--------+--------+--------+--------+--------+-----+--------+

Top non-repeatable levels by time:
     D:5: 1239 daAuts
     D:6: 1227 daAuts
     D:1: 1204 daAuts
     D:3: 1063 daAuts
     D:4: 868 daAuts
     D:2: 567 daAuts
     D:7: 62 daAuts
